 Dungeon Crawl Stone Soup version 0.28-a0-1613-gdaab1c2f9b (webtiles) character file.

Game seed: 13521160681478053812

11914 sasquatch the Martial Artist (level 11, 0/74 HPs)
             Began as a Demonspawn Monk on Jan 22, 2022.
             Was a High Priest of Hepliaklqana.
             Slain by a yak (13 damage)
             ... on level 10 of the Dungeon.
             The game lasted 00:24:24 (12279 turns).

sasquatch the Martial Artist (Demonspawn Monk)     Turns: 12279, Time: 00:24:25

Health: 0/74       AC:  2    Str: 11    XL:     11   Next: 55%
Magic:  11/11      EV: 17    Int: 19    God:    Hepliaklqana [*****.]
Gold:   496        SH:  0    Dex: 19    Spells: 8/10 levels left

rFire   . . .      SeeInvis .     - Unarmed
rCold   . . .      Faith    .   (no shield)
rNeg    . . .      Spirit   .   a - +0 robe
rPois   .          Reflect  .   (helmet restricted)
rElec   .          Harm     .   (cloak unavailable)
rCorr   .          Rampage  .   (no gloves)
Will    .....                   (no boots)
Stlth   ++........              H - amulet of magic regeneration
HPRegen 0.22/turn               f - +6 ring of intelligence
MPRegen 0.52/turn               F - ring of wizardry

@: about to teleport, on berserk cooldown, slowed, very slow
A: reduced essence, horns 2, condensation shield, weakness stinger 3, demonic
touch 1
a: Renounce Religion, Recall Ancestor, Ancestor Identity, Transference, Idealise


You were on level 10 of the Dungeon.
You worshipped Hepliaklqana.
Hepliaklqana was extremely pleased with you.
You visited 1 branch of the dungeon, and saw 10 of its levels.

You collected 616 gold pieces.
You spent 120 gold pieces at shops.

Inventory:

Missiles
 n - 9 javelins (quivered)
Armour
 a - a +0 robe (worn)
 b - a +0 cloak
 x - a +0 cloak of poison resistance
 y - the +1 robe of the Five of Pentacles {*Slow rElec rPois Int+2}
   (You found it on level 5 of the Dungeon)

   Int:       It affects your intelligence (+2).
   rElec:     It insulates you from electricity.
   rPois:     It protects you from poison.
   *Slow:     It may slow you when you take damage.
 K - the -2 buckler of Nueph {Int+7}
   (You found it on level 10 of the Dungeon)

   Int:       It affects your intelligence (+7).
Magical Staves
 s - a staff of conjuration
Jewellery
 f - a +6 ring of intelligence (left hand)
 l - an amulet of reflection
 F - a ring of wizardry (right hand)
 H - an amulet of magic regeneration (around neck)
 I - a +6 ring of intelligence
Wands
 B - a wand of flame (1)
 C - a wand of iceblast (17)
 J - a wand of digging (4)
Scrolls
 c - 4 scrolls of enchant armour
 d - a scroll of silence {unknown}
 h - 3 scrolls of vulnerability
 j - 4 scrolls of immolation
 k - a scroll of blinking {unknown}
 m - 2 scrolls of enchant weapon
 o - a scroll of torment {unknown}
 p - 4 scrolls of teleportation
 t - a scroll of noise {unknown}
 z - a scroll of fog
 D - 2 scrolls of fear
Potions
 e - 5 potions of brilliance
 g - 3 potions of mutation
 i - 2 potions of berserk rage
 q - 3 potions of haste
 r - 2 potions of flight
 u - 2 potions of lignification
 v - a potion of might
 w - 2 potions of curing
 A - 4 potions of invisibility
 E - 2 potions of ambrosia
 G - a potion of heal wounds


   Skills:
 + Level 6.7 Fighting
 - Level 8.0 Dodging
 - Level 2.6 Stealth
 * Level 13.3 Unarmed Combat
 + Level 5.3 Transmutations


You had 8 spell levels left.
You knew the following spells:

 Your Spells              Type           Power      Damage    Failure   Level
a - Wereblood             Tmut           20%        N/A       1%          2

Your spell library contained the following spells:

 Spells                   Type           Power      Damage    Failure   Level
 Pain                     Necr           0%         1d4       9%          1
 Slow                     Hex            0%         N/A       9%          1
 Sublimation of Blood     Necr           0%         N/A       12%         2
 Ignite Poison            Fire/Tmut/Pois 6%         N/A       12%         3
 Confusing Touch          Hex            0%         N/A       24%         3
 Conjure Flame            Conj/Fire      0%         6-21      24%         3
 Vampiric Draining        Necr           0%         2d6       24%         3
 Sticky Flame             Conj/Fire      0%         2d3       58%         4
 Agony                    Necr           0%         N/A       89%         5
 Excruciating Wounds      Necr           0%         N/A       89%         5
 Summon Hydra             Summ           0%         N/A       100%        7


Dungeon Overview and Level Annotations

Branches:
Dungeon (10/15)            Temple (0/1) D:6            Lair (0/6) D:10
    Orc: D:9-12

Altars:
Fedhas
Hepliaklqana
Makhleb
Nemelex Xobeh
Ru
Sif Muna
Uskayaw
Vehumet
Jiyva

Shops:
D:4 (!   D:7 (

Annotations:
D:10 exclusion: 2 electric eels


Innate Abilities, Weirdness & Mutations

Your life essence is reduced to manifest your ancestor. (-10% HP)
You have a pair of horns on your head.
A meltable shield of frost defends you. (SH +0)
You have a sharp stinger which inflicts weakening toxins.
Your touch may inflict minor irresistible damage on your foes.


Message History

You hit the yak.
The yak is heavily wounded.
The yak misses you.
You hit the yak but do no damage.
The yak is heavily wounded.
You barely miss the yak.
The yak is heavily wounded.
The yak barely misses you. x2
There is an open door, spattered with blood here.
Items here: (( )) ÷ †.
You closely miss the yak.
The yak is heavily wounded.
The yak completely misses you. x2
You punch the yak! You headbutt the yak!
You kill the yak!
The yak completely misses you.
You hit the yak. Your headbutt misses the yak. Your touch misses the yak.
The yak is lightly wounded.
You are no longer berserk.
You are exhausted.
You feel yourself slow down.
You punch the yak! You tail-slap the yak!
The yak looks weaker.
The yak is severely wounded.
You hit the yak but do no damage. The yak gores you. x2
You hit the yak.
You tail-slap the yak, but do no damage.
The yak is severely wounded.
The yak closely misses you. The yak misses you. The yak completely misses you.
You punch the yak!
You kill the yak!
The yak closely misses you. The yak gores you. The yak gores you!
* * * LOW HITPOINT WARNING * * *
Things that are here:
a yak corpse; a yak corpse; a yak corpse
Things that are here:
a +0 spear; a +0 ring mail; a gnoll skeleton
As you read the scroll of teleportation, it crumbles to dust.
You feel strangely unstable. The yak misses you. The yak gores you!
You die...

....######.≈.....#......##.....#.
####.....#.≈.....#.............#.
..S≈≈≈.#.≈.....#..............)
...S.#.≈.....#...#######.....
.≈_.##.≈.#.≈.....#.###..?. ###..#
.S.. #.≈(#.≈.....###...... ##.#
#.≈. #.≈.#......# ....... #.#
#.≈≈ #.≈.#..###.##..... ###
...###.≈.#..# #@#)..#
####....≈.#..# #Y#...#
....≈≈≈≈≈Y#..# #Y).###
≈≈≈≈......#..# ###..$#
....#######..# #...#
####...YY...)# ##.... #######...#
...... ##### #..... ##..(


You could see 2 yaks.

Vanquished Creatures
  A two-headed ogre (D:10)
  3 death yaks
  Pikel (D:6)
  A cyclops (D:9)
  A wyvern (D:8)
  20 yaks
  A steam dragon (D:10)
  Menkaure (D:4)
  Edmund (D:4)
  An acid dragon (D:10)
  3 water moccasins
  A necrophage (D:7)
  2 orc warriors (D:8)
  3 black bears
  2 ogres (D:5)
  7 centaurs
  A phantom (D:4)
  A scorpion (D:6)
  A gnoll sergeant (D:10)
  4 killer bees
  A howler monkey (D:6)
  9 wights
  An electric eel (D:10)
  A crimson imp (D:5)
  4 centaur zombies
  A bullfrog zombie (D:6)
  4 jellies
  2 centaur skeletons
  4 orc priests
  Crazy Yiuf (D:4)
  A gnoll shaman (D:6)
  2 hounds
  A bullfrog skeleton (D:5)
  3 iguanas
  An orc wizard (D:8)
  2 hound skeletons (D:4)
  A howler monkey zombie (D:5)
  11 gnolls
  A howler monkey skeleton (D:7)
  7 adders
  A shadow imp (D:7)
  A white imp (D:6)
  A worm (D:3)
  15 orcs
  5 ball pythons
  4 endoplasms
  A giant cockroach (D:2)
  3 goblins
  4 hobgoblins
  2 jackals (D:4)
  8 kobolds
  3 quokkas
  2 bats
  4 frilled lizards
  4 rats
172 creatures vanquished.

Vanquished Creatures (collateral kills)
  5 yaks
  A shadow (D:9)
  A black bear (D:4)
  A sky beast (D:6)
  3 centaurs
  An ogre (D:4)
  2 bullfrogs
  A scorpion (D:5)
  4 killer bees
  A wight (D:8)
  A howler monkey (D:6)
  A jelly (D:8)
  An orc priest (D:8)
  A centaur skeleton (D:7)
  A gnoll shaman (D:7)
  An iguana (D:5)
  An orc wizard (D:5)
  An adder (D:4)
  3 gnolls
  3 orcs
  A bat (D:2)
  An endoplasm (D:3)
  A giant cockroach (D:3)
  A goblin (D:3)
  2 jackals (D:4)
  A rat (D:3)
41 creatures vanquished.

Vanquished Creatures (others)
  4 hexers
4 creatures vanquished.

Grand Total: 217 creatures vanquished

Notes
Turn   | Place    | Note
-------+----------+-------------------------------------------
     0 | D:1      | sasquatch the Demonspawn Monk began the quest for the Orb.
     0 | D:1      | Reached XP level 1. HP: 18/18 MP: 1/1
    90 | D:1      | Found a faded altar of an unknown god.
   260 | D:1      | Reached skill level 3 in Unarmed Combat
   343 | D:1      | Discovered your monstrous ancestry.
   343 | D:1      | Gained mutation: Your touch may inflict minor irresistible
                  | damage on your foes. [demonic ancestry]
   343 | D:1      | Reached XP level 2. HP: 24/24 MP: 2/2
   862 | D:2      | Reached XP level 3. HP: 18/29 MP: 3/3
  1704 | D:2      | Found a hazy altar of Hepliaklqana.
  1726 | D:2      | Became a worshipper of Hepliaklqana the Forgotten
  1726 | D:2      | Reached * piety under Hepliaklqana
  1726 | D:2      | Reached ** piety under Hepliaklqana
  1727 | D:2      | Remembered your ancestor Zolin as a hexer
  1956 | D:3      | Gained mutation: You have a pair of small horns on your
                  | head. [demonic ancestry]
  1956 | D:3      | Reached XP level 4. HP: 27/31 MP: 4/4
  2167 | D:3      | Found a sacrificial altar of Ru.
  2269 | D:3      | Found a hazy altar of Hepliaklqana.
  2278 | D:3      | Found a sparkling altar of Nemelex Xobeh.
  2321 | D:3      | Reached skill level 4 in Unarmed Combat
  2724 | D:4      | Noticed Menkaure
  2734 | D:4      | Killed Menkaure
  2735 | D:4      | Gained mutation: You have a small tail. [demonic ancestry]
  2735 | D:4      | Reached XP level 5. HP: 29/36 MP: 5/5
  2955 | D:4      | Noticed an ogre
  2964 | D:4      | Killed an ogre
  2965 | D:4      | Reached skill level 5 in Unarmed Combat
  2965 | D:4      | Gained mutation: A meltable shield of frost defends you.
                  | (SH +0) [demonic ancestry]
  2965 | D:4      | Reached XP level 6. HP: 16/42 MP: 6/6
  3147 | D:4      | Found Benaor's Weapon Shop.
  3566 | D:4      | Reached skill level 6 in Unarmed Combat
  3566 | D:4      | Gained mutation: You have a tail ending in a sharp stinger.
                  | [demonic ancestry]
  3566 | D:4      | Reached XP level 7. HP: 41/46 MP: 7/7
  3666 | D:4      | Found Volof's Distillery.
  3671 | D:4      | Bought a potion of lignification for 36 gold pieces
  3671 | D:4      | Bought a potion of might for 48 gold pieces
  3671 | D:4      | Bought a potion of curing for 36 gold pieces
  3809 | D:4      | Noticed Edmund
  3822 | D:4      | Killed Edmund
  3871 | D:4      | Found a runed translucent door.
  3872 | D:4      | Noticed Crazy Yiuf
  3881 | D:4      | Killed Crazy Yiuf
  4061 | D:5      | Entered Level 5 of the Dungeon
  4065 | D:5      | Reached skill level 5 in Dodging
  4065 | D:5      | Identified the +1 robe of the Five of Pentacles {*Slow
                  | rElec rPois Int+2}
  4196 | D:5      | Reached skill level 7 in Unarmed Combat
  4232 | D:5      | Gained mutation: You have a pair of horns on your head.
                  | [demonic ancestry]
  4232 | D:5      | Reached XP level 8. HP: 35/52 MP: 8/8
  4556 | D:5      | Reached *** piety under Hepliaklqana
  4641 | D:5      | Reached skill level 8 in Unarmed Combat
  4815 | D:5      | Found a radiant altar of Vehumet.
  4816 | D:5      | Found a burning altar of Makhleb.
  5445 | D:6      | Found a blossoming altar of Fedhas.
  5525 | D:6      | Noticed Pikel
  5539 | D:6      | Killed Pikel
  5540 | D:6      | Reached skill level 9 in Unarmed Combat
  5540 | D:6      | Reached XP level 9. HP: 42/56 MP: 9/9
  5711 | D:6      | Found a staircase to the Ecumenical Temple.
  6135 | D:7      | Reached skill level 10 in Unarmed Combat
  6494 | D:7      | Found Xouzuequ's Weapon Shoppe.
  6598 | D:7      | Reached **** piety under Hepliaklqana
  6703 | D:7      | Found a shimmering blue altar of Sif Muna.
  7516 | D:8      | Learned a level 2 spell: Wereblood
  7526 | D:8      | Reached skill level 11 in Unarmed Combat
  7788 | D:8      | Reached XP level 10. HP: 60/63 MP: 10/10
  8152 | D:8      | Reached skill level 1 in Transmutations
  8708 | D:8      | Found a viscous altar of Jiyva.
  9723 | D:9      | Reached ***** piety under Hepliaklqana
  9766 | D:9      | Reached skill level 12 in Unarmed Combat
  9772 | D:9      | Reached skill level 5 in Fighting
  9807 | D:9      | Noticed a cyclops
  9816 | D:9      | Killed a cyclops
 10287 | D:10     | Entered Level 10 of the Dungeon
 10498 | D:10     | Noticed a death yak
 10516 | D:10     | Gained mutation: You have a sharp stinger which inflicts
                  | weakening toxins. [demonic ancestry]
 10516 | D:10     | Reached XP level 11. HP: 59/72 MP: 11/11
 10899 | D:10     | Noticed a death yak
 10908 | D:10     | Found a staircase to the Lair.
 10908 | D:10     | Noticed a death yak
 10962 | D:10     | Found a hide-covered altar of Uskayaw.
 11055 | D:10     | Killed a death yak
 11062 | D:10     | Killed a death yak
 11384 | D:10     | Noticed a two-headed ogre
 11390 | D:10     | Killed a two-headed ogre
 11489 | D:10     | Identified the -2 buckler of Nueph {Int+7}
 11606 | D:9      | Killed a death yak
 11607 | D:9      | Reached skill level 13 in Unarmed Combat
 11775 | D:10     | Reached skill level 5 in Transmutations
 12279 | D:10     | Slain by a yak

Illustrated notes

Levels and vault maps discovered:
D:1:      nzn_arrival_crosshair, layout_loops_ring,
          chequers_ecumenical_altar_simple_redux
D:2:      layout_loops_ring, basic_altar, serial_glass, glass_columns_b,
          glass_columns_a, glass_columns_c, glass_columns_b, chequers_jeans
D:3:      layout_basic, mainiacjoe_overflow_catwalk, mainiacjoe_overflow_swirl
D:4:      layout_loops_cross, serial_shops, kennysheep_little_box, shop,
          eino_tiny_chamber, uniq_menkaure, uniq_crazy_yiuf_cottage, uniq_edmund
D:5:      layout_rooms, grunt_temple_overflow_lords_of_destruction
D:6:      layout_basic, fedhas_altar_fruit_tree, minmay_temple_entry_wispy,
          uniq_pikel
D:7:      layout_layer_cave, nicolae_sif_muna_little_library, serial_shops,
          nicolae_shop_bloodbath_and_beyond
D:8:      layout_basic, jiyva_altar_1
D:9:      layout_basic
D:10:     layout_basic, nicolae_overflow_squiral, mainiacjoe_overflow_alcove_4,
          dpeg_lair_monsters, grunt_potential

Skill      XL: |  1  2  3  4  5  6  7  8  9 10 11 |
---------------+----------------------------------+-----
Stealth        | 2 |  2.6
Unarmed Combat | 3 4 5 6 7 9 11 12 13 | 13.3
Dodging        | 3 4 5 6 8 |  8.0
Transmutations | 4 5 |  5.3
Fighting       | 5 6 |  6.7

Action                   |  1- 3 |  4- 6 |  7- 9 | 10-12 || total
-------------------------+-------+-------+-------+-------++-------
Melee: Unarmed           |   113 |    75 |   222 |   234 ||   644
       Touch             |    18 |    15 |    53 |    53 ||   139
       Punch             |     2 |     2 |    18 |    17 ||    39
       Headbutt          |       |    17 |    53 |    49 ||   119
       Tailslap          |       |     7 |    45 |    41 ||    93
Throw: Javelin           |       |       |       |     3 ||     3
Invok: Ancestor Life: He |     1 |       |       |       ||     1
       Recall Ancestor   |       |     1 |     1 |     9 ||    11
  Use: Scroll            |       |     7 |     4 |     8 ||    19
       Potion            |       |       |     1 |     2 ||     3
 Stab: Sleeping          |     4 |     4 |     9 |     2 ||    19
       Distracted        |       |     1 |     2 |     5 ||     8
       Confused          |       |       |    10 |     8 ||    18
Armor: Robe              |    23 |     3 |    16 |    11 ||    53
Dodge: Dodged            |    59 |    33 |   105 |   131 ||   328
Block: Other             |       |    11 |    67 |    45 ||   123
       Reflection        |       |       |     1 |       ||     1

Table legend: (Time is in decaauts)
 A = Elapsed time spent in this place.
 B = Non-inter-level travel time spent in this place.
 C = Inter-level travel time spent in this place.
 D = Time resting spent in this place.
 E = Time spent auto-exploring this place.
 F = Levels seen in this place.
 G = Mean time per level.
                   A        B        C        D        E       F      G
               +--------+--------+--------+--------+--------+-----+--------+
         Total |  12181 |  11878 |    303 |   1131 |   8913 |  10 | 1218.1 |
       Dungeon |  12181 |  11878 |    303 |   1131 |   8913 |  10 | 1218.1 |
               +--------+--------+--------+--------+--------+-----+--------+

Top non-repeatable levels by time:
    D:10: 1803 daAuts
     D:8: 1657 daAuts
     D:7: 1498 daAuts
     D:4: 1331 daAuts
     D:9: 1271 daAuts
     D:2: 1033 daAuts
     D:5: 955 daAuts
     D:6: 951 daAuts
     D:3: 883 daAuts
     D:1: 795 daAuts
